 Dungeon Crawl Stone Soup version 0.28-a0-233-gb8ca4b6547 (webtiles) character file.

Game seed: 16629741459616985825

91 porpoise the Skirmisher (level 4, -1/49 HPs)
             Began as an Ogre Warper on Aug 23, 2021.
             Slain by a river rat (3 damage)
             ... in a sewer.
             The game lasted 00:08:35 (2334 turns).

porpoise the Skirmisher (Ogre Warper)               Turns: 2334, Time: 00:08:36

Health: -1/49      AC:  3    Str: 15    XL:     4   Next: 57%
Magic:  7/7        EV:  9    Int: 15    God:
Gold:   87         SH:  0    Dex:  8    Spells: 7/7 levels left

rFire   . . .      SeeInvis +   a - +0 mace
rCold   . . .      Faith    .   (no shield)
rNeg    . . .      Spirit   .   j - +0 robe
rPois   .          Reflect  .   (helmet restricted)
rElec   .          Harm     .   (no cloak)
rCorr   .          Rampage  .   (gloves unavailable)
Will    +....                   (boots unavailable)
Stlth   +.........              (no amulet)
HPRegen 0.16/turn               f - ring of see invisible
MPRegen 0.10/turn               (no ring)

@: mighty
A: large, unfitting armour, tough skin 1, talons 1, strong-willed 1, wild magic
1
a: no special abilities


You were in a sewer.
You visited 1 branch of the dungeon, and saw 3 of its levels.
You also visited: Sewer.

You collected 87 gold pieces.

Inventory:

Hand Weapons
 a - a +0 mace (weapon)
Missiles
 b - 3 large rocks
 d - 3 boomerangs of dispersal (quivered)
 e - 8 sling bullets
 h - 77 stones
Armour
 j - a +0 robe (worn)
Jewellery
 f - a ring of see invisible (left hand)
Scrolls
 c - 2 scrolls of blinking
 l - a scroll of identify {unknown}
Potions
 k - a potion of might


   Skills:
 + Level 4.7 Fighting
 + Level 3.2 Maces & Flails
 - Level 1.0 Throwing
 - Level 2.1 Dodging
 - Level 2.4 Spellcasting
 - Level 2.6 Translocations


You had 7 spell levels left.
You didn't know any spells.
Your spell library contained the following spells:

 Spells                   Type           Power      Damage    Failure   Level
 Blink                    Tloc           N/A        N/A       16%         2
 Gell's Gravitas          Tloc           6%         N/A       30%         3
 Lesser Beckoning         Tloc           6%         N/A       30%         3
 Teleport Other           Tloc           12%        N/A       30%         3
 Manifold Assault         Tloc           12%        N/A       93%         5


Dungeon Overview and Level Annotations

Branches:
Dungeon (3/15)              Sewer (1/1)

Altars:


Innate Abilities, Weirdness & Mutations

You are too large for most types of armour.
You have tough skin. (AC +1)
You have sharp toenails.
You are strong-willed. (Will+)
Your spells are a little harder to cast, but a little more powerful.


Message History

The river rat bites you.
* * * LOW HITPOINT WARNING * * *
Throw: 77 stones
Press: ? - help, Q - select action, (/) - cycle Shift-Dir - straight line, f - river rat
Aim: a river rat (heavily wounded, 52% to hit)
Okay, then.
Throw: 5 boomerangs (disperse)
Press: ? - help, Q - select action, (/) - cycle Shift-Dir - straight line, f - river rat
Aim: a river rat (52% to hit)
You throw a boomerang of dispersal.
The boomerang of dispersal hits the river rat but does no damage.
The river rat misses you. The river rat closely misses you.
Throw: 4 boomerangs (disperse)
Press: ? - help, Q - select action, (/) - cycle Shift-Dir - straight line, f/p - river rat
Aim: a river rat (52% to hit)
You throw a boomerang of dispersal.
The boomerang of dispersal hits the river rat.
The river rat blinks!
The river rat is lightly wounded.
The river rat bites you but does no damage.
The river rat bites you.
* * * LOW HITPOINT WARNING * * *
It was a potion of mutation.
You feel extremely strange.
You feel strong-willed.
You feel less in control of your magic.
Your toenails lengthen and sharpen.
The river rat bites you but does no damage.
The river rat bites you.
* * * LOW HITPOINT WARNING * * *
It was a potion of might.
You feel very mighty all of a sudden. The river rat barely misses you. x2
You hit the river rat.
The river rat is almost dead.
The river rat barely misses you.
The river rat bites you but does no damage. x2
You hit the river rat.
You kill the river rat!
The river rat completely misses you.
You barely miss the rat. Your kick misses the rat. The river rat bites you.
You die...

###
#.#
#.#
#r#
#@#
#r#
#r#
#r#
#.#
#.#
#.#
#.#
#.#


You could see 3 river rats and a rat.

Vanquished Creatures
  Jessica (D:2)
  A river rat (Sewer)
  A worm (D:3)
  5 endoplasms
  3 giant cockroaches
  6 goblins
  4 hobgoblins
  4 jackals (D:1)
  2 quokkas
  5 ball pythons
  6 bats
  2 frilled lizards
  4 kobolds
  2 rats
46 creatures vanquished.

Notes
Turn   | Place    | Note
-------+----------+-------------------------------------------
     0 | D:1      | porpoise the Ogre Warper began the quest for the Orb.
     0 | D:1      | Reached XP level 1. HP: 22/22 MP: 3/3
   211 | D:1      | Reached skill level 3 in Fighting
   232 | D:1      | Reached XP level 2. HP: 13/31 MP: 5/5
   685 | D:1      | Found a faded altar of an unknown god.
  1052 | D:1      | Reached XP level 3. HP: 34/39 MP: 6/6
  1308 | D:2      | Noticed Jessica
  1314 | D:2      | Killed Jessica
  1315 | D:2      | Reached skill level 4 in Fighting
  1315 | D:2      | Reached XP level 4. HP: 28/49 MP: 7/7
  2209 | D:3      | Found a glowing drain.
  2313 | Sewer    | Entered a sewer
  2330 | Sewer    | Gained mutation: You are strong-willed. (Will+) [potion of
                  | mutation]
  2330 | Sewer    | Gained mutation: Your spells are a little harder to cast,
                  | but a little more powerful. [potion of mutation]
  2330 | Sewer    | Gained mutation: You have sharp toenails. [potion of
                  | mutation]
  2330 | Sewer    | HP: 1/49 [river rat (5)]
  2334 | Sewer    | Slain by a river rat

Illustrated notes

Levels and vault maps discovered:
D:1:      minmay_arrival_split_and_join, layout_rooms,
          shapermc_ecumenical_altar_mp_vishouse
D:2:      layout_basic, uniq_jessica
D:3:      layout_rooms, serial_aquarium, aquarium_bridge_square
          [aquarium_subvault_bridge, aquarium_subvault_window,
          aquarium_subvault_balcony, aquarium_subvault_bridge],
          aquarium_window_corridor_1, aquarium_window_1, aquarium_window_fake,
          aquarium_view_2e, aquarium_pool_double, cheibrodos_sewer_entry_drain
Sewer:    sewer_kobolds

Skill      XL: |  1  2  3  4 |
---------------+-------------+-----
Fighting       | 3 4 |  4.7
Maces & Flails | 2 3 |  3.2
Throwing       | |  1.0
Dodging        | |  2.1
Spellcasting   | |  2.4
Translocations | |  2.6

Action                   |  1- 3 |  4- 6 || total
-------------------------+-------+-------++-------
Melee: Mace              |   126 |    70 ||   196
Throw: Stone             |       |    18 ||    18
       Boomerang         |       |     2 ||     2
  Use: Potion            |       |     2 ||     2
       Scroll            |       |     1 ||     1
Armor: Robe              |    53 |    43 ||    96
Dodge: Dodged            |    70 |    42 ||   112

Table legend: (Time is in decaauts)
 A = Elapsed time spent in this place.
 B = Non-inter-level travel time spent in this place.
 C = Inter-level travel time spent in this place.
 D = Time resting spent in this place.
 E = Time spent auto-exploring this place.
 F = Levels seen in this place.
 G = Mean time per level.
                   A        B        C        D        E       F      G
               +--------+--------+--------+--------+--------+-----+--------+
         Total |   2394 |   2344 |     50 |    964 |    829 |   4 |  598.5 |
       Dungeon |   2370 |   2320 |     50 |    964 |    829 |   3 |  790.0 |
         Sewer |     24 |     24 |      0 |      0 |      0 |   1 |   24.0 |
               +--------+--------+--------+--------+--------+-----+--------+

Top non-repeatable levels by time:
     D:1: 1285 daAuts
     D:2: 944 daAuts
     D:3: 141 daAuts
   Sewer: 24 daAuts
